 Dungeon Crawl Stone Soup version 0.18.1-2-ga659475 (webtiles) character file.

129 varam the Digger (level 5, -1/28 HPs)
             Began as a Gargoyle Earth Elementalist on May 8, 2016.
             Slain by an orc warrior
             ... wielding a +0 mace
              (14 damage)
             ... on level 3 of the Dungeon.
             The game lasted 00:10:02 (3135 turns).

varam the Digger (Gargoyle Earth Elementalist)      Turns: 3135, Time: 00:10:02

Health: -1/28      AC:  7    Str: 12    XL:     5   Next: 12%
Magic:  6/10       EV: 12    Int: 16    God:
Gold:   69         SH:  0    Dex: 10    Spells: 2 memorised, 7 levels left

rFire  . . .     SeeInvis .     w - 231 stones
rCold  . . .     Gourm    .     a - +0 robe
rNeg   + . .     Faith    .     (no shield)
rPois  ∞         Spirit   .     l - +0 helmet
rElec  +         Dismiss  .     (no cloak)
rCorr  .         Reflect  .     (no gloves)
SustAt .         Harm     .     (no boots)
MR     .....                    (no amulet)
Stlth  ++........               (no ring)
                                (no ring)

@: not resistant to hostile enchantments, unstealthy
A: negative energy resistance 1, electricity resistance, unbreathing,
petrification resistance, rot immunity, AC +4
a: no special abilities


You were on level 3 of the Dungeon.
You were not hungry.

You visited 1 branch of the dungeon, and saw 4 of its levels.

You collected 69 gold pieces.

Inventory:

Hand Weapons
 e - a +0 club
Missiles
 w - 231 stones (in hand)
Armour
 a - a +0 robe (worn)
 l - a +0 helmet (worn)
Jewellery
 q - an uncursed amulet of magic regeneration {unknown}
Scrolls
 f - 3 scrolls of identify {unknown}
 j - a scroll of teleportation {unknown}
 k - 2 scrolls of enchant armour {unknown}
 n - a scroll of immolation {unknown}
 o - 2 scrolls of random uselessness {unknown}
 p - 2 scrolls of recharging {unknown}
 r - a scroll of amnesia {unknown}
Potions
 b - a potion of curing {unknown}
 m - a potion of beneficial mutation {unknown}
Books
 c - a book of Geomancy

   Spells                             Type                      Level
   a - Sandblast                      Earth                        1
   b - Passwall                       Transmutation/Earth          2
   c - Stone Arrow                    Conjuration/Earth            3
   d - Petrify                        Transmutation/Earth          4
   e - Lee's Rapid Deconstruction     Earth                        5
Comestibles
 d - 2 bread rations
 g - a royal jelly
 h - 2 meat rations
 i - 3 fruits


   Skills:
 - Level 1.5 Dodging
 - Level 2.1 Stealth
 * Level 3.6 Spellcasting
 + Level 1.6 Conjurations
   Level 0.7 Transmutations
 + Level 4.8 Earth Magic


You had 7 spell levels left.
You knew the following spells:

 Your Spells              Type           Power        Failure   Level  Hunger
a - Sandblast             Erth           ###...       2%          1    None
b - Stone Arrow           Conj/Erth      ##....       14%         3    ###....


Dungeon Overview and Level Annotations

Branches:
Dungeon (4/15)
 Temple: D:4-7

Altars:
Cheibriados
Nemelex Xobeh
Qazlal

Annotations:
D:3 pipel's ghost, weakling MiGl


Innate Abilities, Weirdness & Mutations

You are resistant to torment.
Your stone body is resilient (AC +4).
You are immune to poison.
You resist negative energy.
You are resistant to electric shocks.
You can survive without breathing.
You are immune to petrification.
You are immune to rotting.


Message History

Confirm with . or Enter, or press ? or * to list all spells.
Aiming: Sandblast
Press: ? - help, Shift-Dir - straight line, f/p - orc warrior
Aim: an orc warrior, wielding a mace and wearing a plate armour The rocky blast hits the orc warrior.
The orc warrior is lightly wounded.
The kobold throws a stone.
The stone hits you but does no damage. The orc warrior hits you with a mace!
Ouch! That really hurt!
Casting: Sandblast
Confirm with . or Enter, or press ? or * to list all spells.
Aiming: Sandblast
Press: ? - help, Shift-Dir - straight line, f/p - orc warrior
Aim: an orc warrior, wielding a mace and wearing a plate armour (lightly wounded)
The rocky blast hits the orc warrior.
The orc warrior is lightly wounded.
The kobold throws a stone.
The stone hits you but does no damage. The orc warrior hits you with a mace!
Ouch! That really hurt!
You die...

w## ### ... ..#
#.# .. #.# #K##
#o# #..# #.# ...
#.###)# ..
#@ow#.####.###
###...(.......
####..##..##
#........##
#..###....#####
#...#####........
..........#.####.
.######..).....#
........###...##


You could see an orc warrior, a worm and a kobold.

Vanquished Creatures
  Robin (D:2)
  2 adders (D:2)
  2 worms (D:2)
  5 dart slugs
  4 giant geckos
  3 orcs (D:3)
  3 ball pythons
  3 giant cockroaches
  20 goblins
  2 hobgoblins
  5 jackals (D:2)
  A quokka (D:2)
  5 bats (D:2)
  3 giant newts
  4 kobolds
  10 rats
73 creatures vanquished.

Notes
Turn   | Place    | Note
--------------------------------------------------------------
     0 | D:1      | varam the Gargoyle Earth Elementalist began the quest for the Orb.
     0 | D:1      | Reached XP level 1. HP: 10/10 MP: 3/3
   311 | D:1      | Reached XP level 2. HP: 15/15 MP: 1/5
   625 | D:1      | Reached skill level 4 in Earth Magic
   877 | D:2      | Reached XP level 3. HP: 19/19 MP: 1/7
  1286 | D:2      | Learned a level 3 spell: Stone Arrow
  1446 | D:2      | Noticed Robin
  1482 | D:2      | Killed Robin
  1482 | D:2      | Reached XP level 4. HP: 18/24 MP: 5/8
  1946 | D:2      | Found a stormy altar of Qazlal.
  2022 | D:2      | Found a sparkling altar of Nemelex Xobeh.
  2043 | D:2      | Reached skill level 1 in Conjurations
  2408 | D:3      | Found a snail-covered altar of Cheibriados.
  2408 | D:3      | Noticed pipel's ghost (weakling MiGl)
  2797 | D:3      | Reached XP level 5. HP: 28/28 MP: 8/10
  2887 | D:3      | Noticed an orc warrior
  3135 | D:3      | Slain by an orc warrior

Skill      XL: |  1  2  3  4 |
---------------+-------------+-----
Earth Magic    | 4 |  4.8
Spellcasting   | 3 |  3.6
Conjurations   | 1 |  1.6
Dodging        | |  1.5
Stealth        | |  2.1
Transmutations | |  0.7

Action                   |  1- 3 |  4- 6 || total
-------------------------+-------+-------++-------
Melee: Club              |     2 |       ||     2
 Cast: Sandblast         |    43 |    62 ||   105
  Eat: Chunk             |     2 |     5 ||     7
Armor: Robe              |     6 |    12 ||    18
Dodge: Dodged            |     4 |    19 ||    23
